 Dungeon Crawl Stone Soup version 0.23.2-1-ga50397a6bc (webtiles) character file.

Game seed: 13925819535521942377

12376 Norn the Nimble (level 11, 0/72 HPs)
             Began as a Tengu Conjurer on Apr 21, 2019.
             Was a Believer of Vehumet.
             Slain by a freezing wraith (17 damage)
             ... in an ice cave.
             The game lasted 00:55:08 (17930 turns).

Norn the Nimble (Tengu Conjurer)                   Turns: 17930, Time: 00:55:08

Health: 0/72       AC: 11    Str:  9    XL:     11   Next: 92%
Magic:  16/24      EV: 22    Int: 19    God:    Vehumet [**....]
Gold:   583        SH:  6    Dex: 14    Spells: 16/27 levels left

rFire    . . .     SeeInvis .   c - +1 short sword
rCold    . . .     Gourm    .   i - +1 buckler {AC+3}
rNeg     . . .     Faith    .   s - +0 steam dragon scales
rPois    .         Spirit   .   g - +2 hat
rElec    .         Reflect  .   l - scarf {cloud immunity}
rCorr    .         Harm     .   w - +0 pair of gloves (curse)
MR       .....                  (boots unavailable)
Stlth    ++........             (no amulet)
HPRegen  0.22/turn              (no ring)
MPRegen  0.19/turn              (no ring)

@: flying quickly and evasively, slowed, very slow
A: beak, talons 3, able to fly
a: Stop Flying, Renounce Religion


You were in an ice cave.
You worshipped Vehumet.
Vehumet was pleased with you.
You were not hungry.

You visited 3 branches of the dungeon, and saw 13 of its levels.
You also visited: Ice Cave.

You collected 583 gold pieces.

Inventory:

Hand Weapons
 c - a +1 short sword (weapon)
   (You found it on level 1 of the Dungeon)
Missiles
 b - 34 poisoned needles
 u - a throwing net {!f}
 D - 283 stones (quivered)
Armour
 g - a +2 hat (worn)
   (You found it on level 1 of the Dungeon)
 i - a +1 buckler of protection (worn)
   (You acquired it on level 10 of the Dungeon)
 l - a scarf of cloud immunity (worn)
   (You found it on level 1 of the Lair of Beasts)
 s - +0 steam dragon scales (worn)
   (You found it on level 10 of the Dungeon)
 w - a cursed +0 pair of gloves (worn)
   (You found it on level 1 of the Lair of Beasts)
Wands
 a - a wand of enslavement (10)
   (You found it on level 8 of the Dungeon)
 d - a wand of iceblast (25)
   (You found it on level 9 of the Dungeon)
 E - a wand of clouds (3)
   (You found it on level 2 of the Lair of Beasts)
Scrolls
 f - a scroll of noise {unknown}
 h - 6 scrolls of identify {@r1}
 j - a scroll of enchant armour
 o - 6 scrolls of remove curse {@r2}
 p - a scroll of vulnerability {unknown}
 q - 4 scrolls of enchant weapon
 v - a scroll of magic mapping
 x - 2 scrolls of fear
 B - a scroll of teleportation {unknown}
Potions
 k - 3 potions of brilliance
 m - a potion of lignification {!q}
 n - a potion of agility {unknown}
 r - 5 potions of curing {@q1}
 t - a potion of berserk rage
 y - 2 potions of heal wounds {@q2}
 z - a potion of might
 A - a potion of haste {@q3}
Comestibles
 e - 21 rations {!d}


   Skills:
 + Level 9.7 Fighting
 + Level 10.2 Dodging
 - Level 2.0 Stealth
 - Level 4.0 Shields
 + Level 8.7 Spellcasting
 - Level 10.0 Conjurations
 - Level 4.0 Hexes


You had 16 spell levels left.
You knew the following spells:

 Your Spells              Type           Power        Failure   Level  Hunger
a - Magic Dart            Conj           ####         1%          1    None
b - Dazzling Spray        Conj/Hex       #####.       1%          3    None
c - Shock                 Conj/Air       ####         1%          1    None
s - Searing Ray           Conj           #####.       1%          2    None
x - Iskenderun's Mystic   Conj           #####...     1%          4    ###....

Your spell library contained the following spells:

 Spells                   Type           Power        Failure   Level  Hunger
 Throw Flame              Conj/Fire      ####..       1%          2    None
 Fulminant Prism          Conj/Hex       #####.....   4%          4    ###....
 Beastly Appendage        Tmut           #.....       9%          1    None
 Force Lance              Conj/Tloc      ####....     11%         4    ###....
 Sticks to Snakes         Tmut           #.......     13%         2    None
 Spider Form              Tmut/Pois      #.........   26%         3    None
 Ice Form                 Ice/Tmut       #.......     63%         4    ###....
 Blade Hands              Tmut           #.........   93%         5    #####..


Dungeon Overview and Level Annotations

Branches:
Dungeon (10/15)            Temple (1/1) D:6            Lair (2/6) D:9
  Swamp: Lair:2-4    Shoals: Lair:2-4     Snake: Lair:2-4    Spider: Lair:2-4
    Orc: D:9-12

Altars:
Ashenzari
Cheibriados
Dithmenos
Elyvilon
Fedhas
Gozag
Hepliaklqana
Kikubaaqudgha
Makhleb
Nemelex Xobeh
Okawaru
Qazlal
Ru
Sif Muna
Trog
Uskayaw
Vehumet
Wu Jian
Xom
Yredelemnul
Zin
The Shining One

Shops:
D:8 (

Annotations:
D:10 3 runed translucent doors, luab's ghost, novice GnTm
Lair:1 Joseph


Innate Abilities, Weirdness & Mutations

You have a beak for a mouth.
You have claws for feet.
You can fly continuously.


Message History

(Press . to maintain the ray.)
The searing ray hits the freezing wraith!
You block the freezing wraith's attack. The freezing wraith misses you.
The searing ray hits the freezing wraith!
The freezing wraith misses you. The freezing wraith closely misses you.
The searing ray hits the freezing wraith.
You finish channeling your searing ray.
The freezing wraith misses you. x2
Aim: a freezing wraith (almost destroyed)
The orb of energy hits the freezing wraith!!
You destroy the freezing wraith!
Vehumet accepts your kill.
Vehumet offers you knowledge of Throw Flame.
The orb of energy explodes!
There is an ice covered gate leading back out of this place, spattered with blood here.
You start resting.
You are near starving!
You start resting.
You eat one of the 22 rations {!d}.
That ration really hit the spot!
You start resting.
There is an ice choked empty arch of ancient stone, spattered with blood here.
Aim: a freezing wraith The searing ray hits the freezing wraith. (Press . to maintain the ray.)
The searing ray hits the freezing wraith!
The searing ray misses the freezing wraith.
You block the freezing wraith's attack. The freezing wraith hits you!
The freezing wraith drains your vigour!
You feel yourself slow down.
The searing ray hits the freezing wraith!
You finish channeling your searing ray.
The freezing wraith completely misses you.
The freezing wraith closely misses you.
Aim: a freezing wraith (severely damaged)
The searing ray hits the freezing wraith. (Press . to maintain the ray.)
The freezing wraith hits you. The freezing wraith freezes you!
You block the freezing wraith's attack. The freezing wraith hits you.
The freezing wraith freezes you!!
* * * LOW HITPOINT WARNING * * *
The freezing wraith completely misses you.
The searing ray hits the freezing wraith but does no damage.
The freezing wraith closely misses you. The freezing wraith barely misses you.
The searing ray hits the freezing wraith!
The freezing wraith closely misses you. x2
You block the freezing wraith's attack. The freezing wraith misses you.
The searing ray misses the freezing wraith.
You finish channeling your searing ray.
The freezing wraith hits you.
* * * LOW HITPOINT WARNING * * *
The freezing wraith freezes you!
You die...

#.......#
##..###...# ##..##
...# ##..## ...#
#...# W.. #####
##..# .. ####...###
###...# .
##........###....##
##........@W.....##
#.............####
#............##
##..........##
##.#....#.##
####..#### #..##
##..## ##..#


You could see a freezing wraith.

Vanquished Creatures
  7 death yaks (D:8)
  A spiny frog (Lair:2)
  A komodo dragon (Lair:2)
  A freezing wraith (IceCv)
  A wolf spider simulacrum (IceCv)
  3 hippogriffs
  4 blink frogs (Lair:1)
  3 yaks
  Eustachio (D:4)
  A hungry ghost (D:7)
  A steam dragon (D:10)
  A death yak simulacrum (IceCv)
  2 water moccasins
  An orc warrior (D:7)
  3 sky beasts
  2 black bears (D:8)
  6 ice beasts
  A phantom (D:3)
  An eye of draining (D:10)
  An ogre (D:4)
  3 necrophages
  5 centaurs
  7 bullfrogs
  A scorpion (D:5)
  A water moccasin skeleton (D:6)
  5 killer bees (D:7)
  An elephant simulacrum (IceCv)
  3 wights (D:6)
  4 electric eels (Lair:1)
  5 howler monkeys
  4 crimson imps
  A bullfrog zombie (D:10)
  A centaur zombie (D:7)
  3 hounds
  3 orc priests
  3 jellies
  6 orc wizards
  A bullfrog skeleton (D:7)
  4 iguanas
  Ijyb (D:5)
  A centaur skeleton (D:6)
  A polar bear simulacrum (IceCv)
  4 worker ants
  A hound zombie (D:7)
  A hound skeleton (D:4)
  A worker ant zombie (D:5)
  A howler monkey zombie (D:7)
  2 howler monkey skeletons
  4 gnolls (D:3)
  13 adders
  2 shadow imps
  5 white imps (IceCv)
  2 worms
  4 dart slugs
  6 leopard geckos
  18 orcs
  6 bats
  9 giant cockroaches
  6 goblins
  17 hobgoblins
  8 jackals
  2 quokkas
  A ball python (D:3)
  5 frilled lizards
  8 kobolds
  A leopard gecko skeleton (D:4)
  5 rats
238 creatures vanquished.

Vanquished Creatures (collateral kills)
  An ice beast (IceCv)
1 creature vanquished.

Grand Total: 239 creatures vanquished

Notes
Turn   | Place    | Note
-------+----------+-------------------------------------------
     0 | D:1      | Norn the Tengu Conjurer began the quest for the Orb.
     0 | D:1      | Reached XP level 1. HP: 10/10 MP: 4/4
   176 | D:1      | Reached XP level 2. HP: 15/15 MP: 4/6
   717 | D:1      | Reached XP level 3. HP: 19/19 MP: 2/7
   821 | D:1      | Learned a level 2 spell: Searing Ray
   825 | D:1      | Learned a level 3 spell: Dazzling Spray
  1555 | D:2      | Reached XP level 4. HP: 20/24 MP: 2/8
  2884 | D:3      | Gained mutation: You can fly continuously. [Tengu growth]
  2884 | D:3      | Reached XP level 5. HP: 28/28 MP: 7/10
  3010 | D:3      | Noticed a phantom
  3454 | D:3      | Killed a phantom
  3454 | D:3      | Reached skill level 1 in Hexes
  3454 | D:3      | Reached XP level 6. HP: 32/32 MP: 1/11
  3920 | D:4      | Learned a level 4 spell: Iskenderun's Mystic Blast
  4305 | D:4      | Noticed Eustachio
  4324 | D:4      | Killed Eustachio
  4324 | D:4      | Reached XP level 7. HP: 36/36 MP: 0/13
  5003 | D:5      | Entered Level 5 of the Dungeon
  5012 | D:5      | Found an ornate altar of the Wu Jian Council.
  5120 | D:5      | Found an iron altar of Okawaru.
  5122 | D:5      | Found a basalt altar of Yredelemnul.
  5123 | D:5      | Found a shattered altar of Ashenzari.
  5123 | D:5      | Found a snail-covered altar of Cheibriados.
  5124 | D:5      | Found a glowing golden altar of the Shining One.
  5124 | D:5      | Found a shimmering altar of Xom.
  5145 | D:5      | Noticed Ijyb
  5205 | D:5      | Killed Ijyb
  5616 | D:5      | Reached skill level 5 in Dodging
  5717 | D:5      | Found a white marble altar of Elyvilon.
  5883 | D:5      | Reached XP level 8. HP: 28/41 MP: 10/15
  6436 | D:6      | Got a fine plate armour
  6696 | D:6      | Reached skill level 1 in Fighting
  6823 | D:6      | Reached skill level 5 in Spellcasting
  6965 | D:6      | Got a faintly humming ring mail
  6993 | D:6      | Found a staircase to the Ecumenical Temple.
  7003 | Temple   | Entered the Ecumenical Temple
  7129 | Temple   | Became a worshipper of Vehumet
  7396 | D:7      | Reached XP level 9. HP: 46/48 MP: 6/17
  7693 | D:7      | HP: 2/49 [orc wizard/magic dart (6)]
  8662 | D:7      | Reached skill level 10 in Conjurations
  8910 | D:7      | Found a glowing silver altar of Zin.
  8974 | D:7      | Reached * piety under Vehumet
  8974 | D:7      | Offered knowledge of Shock by Vehumet.
  9080 | D:7      | Found a shimmering altar of Xom.
  9080 | D:7      | Found a shimmering altar of Xom.
  9081 | D:7      | Found a shimmering altar of Xom.
  9082 | D:7      | Found a shimmering altar of Xom.
  9082 | D:7      | Found a shimmering altar of Xom.
  9082 | D:7      | Found a shimmering altar of Xom.
  9082 | D:7      | Found a shimmering altar of Xom.
  9083 | D:7      | Found a shimmering altar of Xom.
  9545 | D:8      | Identified the cursed +0 ring mail of the Chupacabra
                  | {Str+2} (You found it on level 6 of the Dungeon)
  9591 | D:8      | Reached skill level 5 in Fighting
  9591 | D:8      | Reached XP level 10. HP: 59/59 MP: 4/20
 10211 | D:8      | Found Gymenout's Antique Weapon Emporium.
 10429 | D:9      | Noticed a death yak
 10429 | D:9      | Noticed a death yak
 10561 | D:8      | Killed a death yak
 10976 | D:9      | Noticed a death yak
 10976 | D:9      | Noticed a death yak
 10976 | D:9      | Noticed a death yak
 11466 | D:8      | Killed a death yak
 12319 | D:7      | Learned a level 1 spell: Shock
 12477 | D:8      | Killed a death yak
 12614 | D:9      | Noticed a death yak
 12617 | D:9      | Noticed a death yak
 12678 | D:8      | Killed a death yak
 12679 | D:8      | Killed a death yak
 12679 | D:8      | Reached XP level 11. HP: 23/69 MP: 5/23
 12997 | D:8      | Killed a death yak
 12998 | D:8      | Killed a death yak
 13126 | D:9      | Found a staircase to the Lair.
 13190 | D:9      | Found an ancient bone altar of Kikubaaqudgha.
 13973 | D:10     | Entered Level 10 of the Dungeon
 13985 | D:10     | Identified a scroll of acquirement
 14113 | D:9      | Reached skill level 1 in Shields
 14611 | D:10     | Found a runed translucent gate.
 14611 | D:10     | Found a runed translucent gate.
 14613 | D:10     | Found a runed translucent gate.
 14615 | D:10     | Noticed luab's ghost (novice GnTm)
 14636 | D:10     | Offered knowledge of Sandblast by Vehumet.
 14639 | D:10     | Reached ** piety under Vehumet
 15446 | Lair:1   | Entered Level 1 of the Lair of Beasts
 16205 | Lair:1   | Noticed Joseph
 17092 | Lair:2   | Found a frozen archway.
 17100 | IceCv    | Entered an ice cave
 17103 | IceCv    | Reached skill level 10 in Dodging
 17729 | IceCv    | Offered knowledge of Throw Flame by Vehumet.
 17930 | IceCv    | Slain by a freezing wraith

Skill      XL: |  1  2  3  4  5  6  7  8  9 10 11 |
---------------+----------------------------------+-----
Conjurations   | 6 7 8 10 | 10.0
Dodging        | 3 4 5 6 7 9 10 | 10.2
Spellcasting   | 3 4 5 6 7 8 |  8.7
Hexes          | 1 2 3 4 |  4.0
Fighting       | 2 5 8 9 |  9.7
Shields        | 4 |  4.0
Stealth        | |  2.0

Action                   |  1- 3 |  4- 6 |  7- 9 | 10-12 || total
-------------------------+-------+-------+-------+-------++-------
Melee: Short sword       |     5 |    11 |    30 |    21 ||    67
       Peck              |     1 |     2 |     5 |     2 ||    10
       Kick              |     1 |     2 |     4 |     8 ||    15
 Cast: Magic Dart        |    73 |   143 |   197 |   221 ||   634
       Searing Ray       |       |     6 |    18 |    15 ||    39
       Iskenderun's Myst |       |     1 |    26 |   138 ||   165
       Dazzling Spray    |       |       |     4 |       ||     4
       Shock             |       |       |       |     7 ||     7
 Abil: Fly               |       |     1 |       |       ||     1
Evoke: Wand              |       |       |     2 |    19 ||    21
       Box of beasts     |       |       |       |     1 ||     1
  Use: Scroll            |       |     7 |     5 |     9 ||    21
       Potion            |       |       |     4 |     1 ||     5
 Stab: Invisible         |       |       |     2 |       ||     2
  Eat: Chunk             |     3 |     8 |    19 |    16 ||    46
       Ration            |       |       |     1 |     7 ||     8
Armor: Leather armour    |       |     5 |    27 |     9 ||    41
       Steam dragon scal |       |       |       |     6 ||     6
Dodge: Dodged            |    13 |    28 |    97 |   120 ||   258
Block: Buckler           |       |       |       |    28 ||    28
